 Dungeon Crawl Stone Soup version 0.18.1-6-gd335043 (webtiles) character file.

8657 sugabear the Ducker (level 11, -8/50 HPs)
             Began as a Vine Stalker Gladiator on May 20, 2016.
             Was an Elder of Qazlal.
             Killed from afar by an ice dragon (19 damage)
             ... with a blast of cold
             ... on level 9 of the Dungeon.
             The game lasted 00:18:28 (8922 turns).

sugabear the Ducker (Vine Stalker Gladiator)        Turns: 8922, Time: 00:18:29

Health: -8/50      AC: 15    Str: 17    XL:     11   Next: 34%
Magic:  0/17       EV: 14    Int:  8    God:    Qazlal [****..]
Gold:   353        SH: 20    Dex: 17    Spells: 0 memorised, 10 levels left

rFire  . . .     SeeInvis .     E - +1 morningstar
rCold  . . .     Gourm    .     i - +3 ring mail {rPois}
rNeg   . . .     Faith    .     I - +2 shield
rPois  +         Spirit   +     (helmet restricted)
rElec  .         Dismiss  .     a - +2 cloak
rCorr  .         Reflect  +     (no gloves)
SustAt .         Harm     .     x - +2 pair of boots
MR     +....                    g - +3 amulet of reflection
Stlth  +.........               (no ring)
                                e - ring of flight

@: about to teleport, flying, repel missiles, somewhat resistant to hostile
enchantments, very unstealthy
A: fangs 3, horns 1, frail 1, regeneration 2, weak 1, evolution 1, magic shield,
antimagic bite, no device heal 3, rot immunity
a: Upheaval, Elemental Force, Renounce Religion, Stop Flying


You were on level 9 of the Dungeon.
You worshipped Qazlal.
Qazlal was greatly pleased with you.
You were near starving.

You visited 2 branches of the dungeon, and saw 10 of its levels.

You collected 353 gold pieces.

Inventory:

Hand Weapons
 j - a +0 hand axe of flaming
 s - the +5 spear "Ajyil" {pain, MR+ Int+2}
   (You took it off an orc priest on level 6 of the Dungeon)

   In the hands of one skilled in necromantic magic, it inflicts extra damage on
   living creatures.
   It affects your intelligence (+2).
   It affects your resistance to hostile enchantments.
 y - a +0 mace of protection
 C - a +1 morningstar
 E - a +1 morningstar (weapon)
Missiles
 d - a throwing net (quivered)
 M - 6 tomahawks of returning
Armour
 a - a +2 cloak (worn)
 c - a +0 helmet
 i - a +3 ring mail of poison resistance (worn)
 v - a troll hide
 x - a +2 pair of boots (worn)
 I - a +2 shield (worn)
Jewellery
 e - a ring of flight (left hand)
 g - a +3 amulet of reflection (around neck)
 q - an uncursed ring of see invisible {unknown}
Wands
 w - a wand of disintegration (8/24)
 D - a wand of random effects (0/48)
 F - a wand of iceblast (0/15)
 G - a wand of paralysis (13/24)
 H - a wand of disintegration (10/24)
 N - a wand of disintegration (10/24)
Scrolls
 l - 3 scrolls of identify
 n - 5 scrolls of remove curse
 o - 2 scrolls of blinking
 u - 2 scrolls of teleportation
 O - a scroll of enchant armour
Potions
 b - a potion of haste {unknown}
 m - a potion of brilliance
 p - a potion of might
 z - 6 potions of curing
 A - 2 potions of agility
 J - a potion of degeneration {unknown}
Books
 t - a book of Death

   Spells                             Type                      Level
   a - Corpse Rot                     Necromancy                   2
   b - Sublimation of Blood           Necromancy                   2
   c - Agony                          Necromancy                   5
   d - Dispel Undead                  Necromancy                   5
   e - Excruciating Wounds            Charms/Necromancy            5
   f - Bolt of Draining               Conjuration/Necromancy       5
 L - a book of Conjurations

   Spells                             Type                      Level
   a - Magic Dart                     Conjuration                  1
   b - Searing Ray                    Conjuration                  2
   c - Dazzling Spray                 Conjuration/Hexes            3
   d - Fulminant Prism                Conjuration/Hexes            4
   e - Iskenderun's Mystic Blast      Conjuration                  4
   f - Iskenderun's Battlesphere      Conjuration/Charms           5
Miscellaneous
 K - a disc of storms
Comestibles
 f - 7 bread rations
 h - 9 meat rations
 k - 7 slices of pizza
 r - 15 fruits
 B - a beef jerky


   Skills:
 + Level 5.8 Fighting
 + Level 6.9 Maces & Flails
 + Level 1.9 Throwing
 + Level 4.6 Armour
 + Level 7.7 Dodging
 - Level 0.6 Stealth
 + Level 6.2 Shields
 * Level 7.4 Invocations
 + Level 0.8 Evocations


You had 10 spell levels left.
You didn't know any spells.

Dungeon Overview and Level Annotations

Branches:
Dungeon (10/15)            Temple (1/1) D:6            Lair (0/8) D:10
    Orc (0/2) D:10

Altars:
Ashenzari
Cheibriados
Dithmenos
Elyvilon
Fedhas
Gozag
Kikubaaqudgha
Makhleb
Nemelex Xobeh
Okawaru
Pakellas
Qazlal
Ru
Sif Muna
Trog
Vehumet
Xom
Yredelemnul
Zin
The Shining One

Shops:
D:9 }

Annotations:
D:9 exclusion: ice statue


Innate Abilities, Weirdness & Mutations

You have razor-sharp teeth.
You heal very quickly.
When hurt, damage is shared between your health and your magic reserves.
Your bite disrupts and absorbs the magic of your enemies.
Potions and wands cannot restore your health.
You are immune to rotting.
You have a pair of small horns on your head.
You are frail (-10% HP).
You are weak. (Str -2)
You evolve.


Message History

You fail to use your ability.
You fail to use your ability.
You feel very buoyant.
You fly up into the air.
You are near starving!
An ice dragon comes into view.
The ice dragon breathes frost at you. The blast of cold hits you!
Unknown command.
The ice dragon is engulfed in freezing vapours.
The ice dragon breathes frost at you. The blast of cold hits you!
* * * LOW HITPOINT WARNING * * *
The ice dragon is engulfed in freezing vapours.
Read which item? (? for menu, Esc to quit)
As you read the scroll of teleportation, it crumbles to dust.
You feel strangely unstable. The ice dragon breathes frost at you.
The blast of cold hits you!
You die...

#≈≈≈≈≈##
##≈≈≈≈## #≈≈≈≈≈#
#≈≈≈≈≈# #
##≈≈≈≈## ≈##
#≈≈≈≈≈# ≈≈≈#
#≈≈≈§≈## #≈≈≈#
#≈≈§≈≈≈####≈≈≈≈#
#@§§≈≈≈##≈≈≈≈≈#
##§§§§D≈≈≈≈≈≈≈#
#≈≈≈≈≈≈≈≈≈≈≈##
##≈≈≈≈≈≈≈≈≈##
###≈≈≈≈####
######


You could see an ice dragon.

Vanquished Creatures
  A hydra (D:10)
  A death yak (D:10)
  The ghost of Wendy the Nimble, a novice MiBe of Trog (D:7)
  Joseph (D:7)
  2 trolls (D:10)
  2 two-headed ogres
  6 yaks (D:10)
  The ghost of chicagocrazy the Ruffian, an amateur DrTm (D:4)
  A water moccasin (D:10)
  A porcupine (D:10)
  4 orc warriors
  11 ice beasts
  2 sky beasts
  A necrophage (D:10)
  2 black bears (D:7)
  2 ogres
  4 big kobolds (D:10)
  3 giant frogs
  A scorpion (D:6)
  3 wights (D:9)
  5 howler monkeys
  5 electric eels (D:9)
  8 crimson imps
  A centaur zombie (D:7)
  7 hounds
  Crazy Yiuf (D:4)
  2 giant frog skeletons (D:6)
  3 orc priests
  A jelly (D:9)
  6 orc wizards
  Terence (D:2)
  3 iguanas
  4 worker ants
  A hell rat (D:10)
  2 sheep (D:10)
  A worker ant zombie (D:6)
  14 gnolls
  6 adders
  A shadow imp (D:9)
  2 oozes
  2 adder zombies (D:5)
  A worm (D:4)
  3 dart slugs
  4 giant geckos
  38 orcs
  5 giant cockroaches
  14 goblins
  10 hobgoblins
  5 jackals
  5 quokkas
  6 bats
  3 giant newts
  5 kobolds
  6 rats
231 creatures vanquished.

Vanquished Creatures (others)
  A centaur (D:9)
  A plant (D:10)
2 creatures vanquished.

Grand Total: 233 creatures vanquished

Notes
Turn   | Place    | Note
--------------------------------------------------------------
     0 | D:1      | sugabear the Vine Stalker Gladiator began the quest for the Orb.
     0 | D:1      | Reached XP level 1. HP: 11/11 MP: 2/2
    13 | D:1      | Reached XP level 2. HP: 10/15 MP: 3/3
   374 | D:1      | Reached XP level 3. HP: 18/18 MP: 2/4
   761 | D:2      | Found an iron altar of Okawaru.
   844 | D:2      | Found a shattered altar of Ashenzari.
   996 | D:2      | Found a sparkling altar of Nemelex Xobeh.
  1272 | D:2      | Noticed Terence
  1285 | D:2      | Killed Terence
  1285 | D:2      | Reached XP level 4. HP: 17/23 MP: 5/5
  1420 | D:2      | Found a stormy altar of Qazlal.
  1454 | D:2      | Became a worshipper of Qazlal Stormbringer
  1998 | D:3      | Reached skill level 1 in Armour
  2126 | D:3      | Reached skill level 1 in Invocations
  2126 | D:3      | Reached XP level 5. HP: 13/26 MP: 4/6
  2887 | D:4      | Noticed chicagocrazy's ghost (amateur DrTm)
  2909 | D:4      | Killed chicagocrazy's ghost
  2909 | D:4      | Gained mutation: You heal very quickly. [Vine Stalker growth]
  2909 | D:4      | Reached XP level 6. HP: 17/32 MP: 4/8
  3115 | D:4      | Noticed Crazy Yiuf
  3125 | D:4      | Killed Crazy Yiuf
  3735 | D:5      | Entered Level 5 of the Dungeon
  3756 | D:4      | Reached XP level 7. HP: 33/35 MP: 9/9
  3814 | D:5      | Reached * piety under Qazlal
  3952 | D:5      | Gained mutation: You are weak. (Str -2) [mutagenic meat]
  4088 | D:5      | Found a glowing silver altar of Zin.
  4316 | D:5      | Found a white marble altar of Elyvilon.
  4504 | D:6      | Gained mutation: You have razor-sharp teeth. [Vine Stalker growth]
  4504 | D:6      | Reached XP level 8. HP: 36/40 MP: 11/11
  4707 | D:6      | Reached skill level 5 in Dodging
  4729 | D:6      | Reached ** piety under Qazlal
  4739 | D:6      | Got a translucent spear {pain}
  4751 | D:6      | Reached skill level 5 in Maces & Flails
  4752 | D:6      | Identified the +5 spear "Ajyil" {pain, MR+ Int+2} (You took it off an orc priest on level 6 of the Dungeon)
  5014 | D:6      | Found a staircase to the Ecumenical Temple.
  5032 | D:6      | Found a deep blue altar of Sif Muna.
  5053 | Temple   | Entered the Ecumenical Temple
  5397 | D:6      | Found a bloodstained altar of Trog.
  5720 | D:7      | Reached XP level 9. HP: 12/45 MP: 3/13
  5940 | D:7      | Reached skill level 1 in Shields
  5957 | D:7      | Noticed Wendy's ghost (novice MiBe)
  5985 | D:7      | Killed Wendy's ghost
  5985 | D:7      | Reached skill level 5 in Invocations
  6160 | D:7      | Noticed Joseph
  6185 | D:7      | Killed Joseph
  6415 | D:7      | Gained mutation: You evolve. [mutagenic meat]
  6416 | D:7      | Gained mutation: Your spells are a little harder to cast, but a little more powerful. [mutagenic meat]
  6417 | D:7      | Lost mutation: Your spells are a little harder to cast, but a little more powerful. [mutagenic meat]
  6418 | D:7      | Gained mutation: You are dopey. (Int -2) [mutagenic meat]
  6419 | D:7      | Lost mutation: You are dopey. (Int -2) [mutagenic meat]
  6420 | D:7      | Gained mutation: You are frail (-10% HP). [mutagenic meat]
  6429 | D:7      | You fall through a shaft for 3 floors!
  6429 | D:10     | Entered Level 10 of the Dungeon
  6516 | D:10     | Found a staircase to the Lair.
  6531 | D:10     | Reached XP level 10. HP: 40/45 MP: 13/15
  6533 | D:10     | Noticed a death yak
  6621 | D:10     | Killed a death yak
  6621 | D:10     | Reached skill level 5 in Fighting
  7039 | D:10     | Found a staircase to the Orcish Mines.
  7293 | D:10     | Noticed a three-headed hydra
  7303 | D:10     | Killed a three-headed hydra
  7303 | D:10     | Reached skill level 5 in Shields
  7324 | D:10     | Reached *** piety under Qazlal
  7333 | D:10     | Reached XP level 11. HP: 44/50 MP: 17/17
  8038 | D:9      | Found Fitwill's Quality Used Wands.
  8350 | D:9      | Gained mutation: You have a pair of small horns on your head. [evolution]
  8770 | D:9      | Reached **** piety under Qazlal
  8913 | D:9      | Noticed an ice dragon
  8922 | D:9      | Killed from afar by an ice dragon

Skill      XL: |  1  2  3  4  5  6  7  8  9 10 11 |
---------------+----------------------------------+-----
Maces & Flails | 3 4 5 6 |  6.9
Fighting       | 2 3 4 5 |  5.8
Dodging        | 3 4 5 6 7 |  7.7
Armour         | 1 2 3 4 |  4.6
Invocations    | 1 2 3 4 5 7 |  7.4
Shields        | 3 5 6 |  6.2
Throwing       | |  1.9
Stealth        | |  0.6
Evocations     | |  0.8

Action                   |  1- 3 |  4- 6 |  7- 9 | 10-12 || total
-------------------------+-------+-------+-------+-------++-------
Melee: Flail             |   112 |    73 |       |       ||   185
       Bite              |    26 |    52 |   179 |    98 ||   355
       Mace              |       |    91 |   353 |       ||   444
       Morningstar       |       |       |   110 |   257 ||   367
       Headbutt          |       |       |       |    12 ||    12
Throw: Throwing net      |       |       |     2 |       ||     2
Invok: Upheaval          |       |       |     1 |       ||     1
 Abil: Evoke Flight      |       |       |       |     7 ||     7
Evoke: Wand              |       |       |     6 |       ||     6
  Use: Scroll            |       |       |    11 |     1 ||    12
       Potion            |       |       |     8 |       ||     8
 Stab: Confused          |       |       |     2 |       ||     2
       Held in net/web   |       |       |     2 |       ||     2
  Eat: Chunk             |       |     9 |    17 |     8 ||    34
Armor: Leather armour    |    29 |       |       |       ||    29
       Ring mail         |     5 |    60 |   228 |    51 ||   344
Dodge: Dodged            |    89 |   107 |   274 |    80 ||   550
Block: Other             |       |       |    11 |       ||    11
       Shield            |       |       |   194 |   260 ||   454
       Reflection        |       |       |       |    11 ||    11
